 Dungeon Crawl Stone Soup version 0.26-a0-708-g17f3b190f9 (webtiles) character file.

Game seed: 15365355484852459779

90 Sobieck the Digger (level 4, -1/21 HPs)
             Began as a Spriggan Earth Elementalist on Oct 29, 2020.
             Slain by an orc
             ... wielding a +0 club
              (3 damage)
             ... on level 3 of the Dungeon.
             The game lasted 00:04:06 (1387 turns).

Sobieck the Digger (Spriggan Earth Elementalist)    Turns: 1387, Time: 00:04:07

Health: -1/21      AC:  2    Str:  4    XL:     4   Next: 32%
Magic:  9/9        EV: 18    Int: 17    God:
Gold:   57         SH:  0    Dex: 16    Spells: 4/8 levels left

rFire    . . .     SeeInvis +   a - +0 short sword
rCold    . . .     Faith    .   (shield restricted)
rNeg     . . .     Spirit   .   c - +0 robe
rPois    .         Reflect  .   (helmet restricted)
rElec    .         Harm     .   (no cloak)
rCorr    .         Rampage  .   (gloves unavailable)
MR       .....                  (boots unavailable)
Stlth    ++........             (no amulet)
HPRegen  0.07/turn              (no ring)
MPRegen  0.11/turn              (no ring)

@: very quick
A: very small, unfitting armour, see invisible, speed 3
a: no special abilities


You were on level 3 of the Dungeon.
You visited 1 branch of the dungeon, and saw 4 of its levels.

You collected 57 gold pieces.

Inventory:

Hand Weapons
 a - a +0 short sword (weapon)
 e - a +0 dagger
Missiles
 b - 24 stones (quivered)
Armour
 c - a +0 robe (worn)
Scrolls
 d - 2 scrolls of identify {unknown}
 f - a scroll of amnesia {unknown}
 g - a scroll of teleportation {unknown}
 h - a scroll of enchant weapon {unknown}
 i - a scroll of remove curse {unknown}
 j - a scroll of blinking {unknown}


   Skills:
 - Level 3.0 Dodging
 - Level 3.0 Stealth
 - Level 2.7 Spellcasting
 + Level 0.0 Conjurations
   Level 1.3 Transmutations
 * Level 4.6 Earth Magic


You had 4 spell levels left.
You knew the following spells:

 Your Spells              Type           Power        Failure   Level
a - Sandblast             Erth           ###...       2%          1
b - Stone Arrow           Conj/Erth      ##....       21%         3

Your spell library contained the following spells:

 Spells                   Type           Power        Failure   Level
 Passwall                 Tmut/Erth      ##......     8%          2
 Petrify                  Tmut/Erth      ##......     45%         4
 Lee's Rapid Deconstruct  Erth           ###.......   58%         5


Dungeon Overview and Level Annotations

Branches:
Dungeon (4/15)
 Temple: D:4-7

Altars:


Innate Abilities, Weirdness & Mutations

You are very small and have problems with some larger weapons.
You are too small for most types of armour.
You have supernaturally acute eyesight. (SInv)
You cover ground extremely quickly.


Message History

The orc hits you with a +0 club.
* * * LOW HITPOINT WARNING * * *
You barely miss the orc.
The orc is severely wounded.
The orc hits you with a +0 club.
* * * LOW HITPOINT WARNING * * *
You hit the orc.
The orc is severely wounded.
The orc misses you.
You barely miss the orc.
The orc is severely wounded.
The orc misses you.
You barely miss the orc.
The orc is severely wounded.
The orc hits you with a +0 club.
* * * LOW HITPOINT WARNING * * *
You hit the orc.
The orc is almost dead.
The orc hits you with a +0 club.
You die...

..##..#...#
###.........#####
###..#####
#.....#####......
#..# ##.###.#
#..#### #..# #..#
#<# #..# #..#
#..###.#####..# #..#
#.............# #..
#.##.#######.##
#o##.#######.#
#@##.........#
........############
#########


You could see an orc.

Vanquished Creatures
  A hound (D:4)
  A bullfrog skeleton (D:3)
  An adder (D:3)
  An ooze (D:3)
  A dart slug (D:3)
  2 orcs (D:3)
  2 giant cockroaches (D:3)
  2 goblins
  2 jackals (D:3)
  A bat (D:3)
  A kobold (D:1)
  A rat (D:3)
16 creatures vanquished.

Vanquished Creatures (others)
  7 toadstools (D:1)
7 creatures vanquished.

Grand Total: 23 creatures vanquished

Notes
Turn   | Place    | Note
-------+----------+-------------------------------------------
     0 | D:1      | Sobieck the Spriggan Earth Elementalist began the quest for
                  | the Orb.
     0 | D:1      | Reached XP level 1. HP: 9/9 MP: 5/5
   459 | D:3      | Reached skill level 3 in Earth Magic
   459 | D:3      | Reached XP level 2. HP: 11/13 MP: 2/6
  1106 | D:4      | Reached skill level 4 in Earth Magic
  1106 | D:4      | Reached XP level 3. HP: 8/16 MP: 2/8
  1232 | D:3      | Reached XP level 4. HP: 19/21 MP: 5/9
  1283 | D:3      | Learned a level 3 spell: Stone Arrow
  1387 | D:3      | Slain by an orc

Illustrated notes

Levels and vault maps discovered:
D:1:      nagdon_arrival_double_spiral, layout_loops_ring, nrook_mini_vaults,
          palyth_stone_intersect, kennysheep_small_spiral, kennysheep_crisscross
D:2:      layout_rooms, chequers_ecumenical_altar_twisty,
          chequers_serial_rivers_micro_e
D:3:      layout_loops_ring, okawaru_ov_weapons_minmay
D:4:      layout_loops_ring, lemuel_temple_firewalk_b

Skill      XL: |  1  2 |
---------------+-------+-----
Earth Magic    | 3 4 |  4.6
Dodging        | |  3.0
Stealth        | |  3.0
Spellcasting   | |  2.7
Transmutations | |  1.3

Action                   |  1- 3 |  4- 6 || total
-------------------------+-------+-------++-------
Melee: Unarmed           |     2 |       ||     2
       Short sword       |    21 |    15 ||    36
 Cast: Sandblast         |    15 |     3 ||    18
 Stab: Sleeping          |     6 |       ||     6
Armor: Robe              |     6 |     2 ||     8
Dodge: Dodged            |    16 |    10 ||    26

Table legend: (Time is in decaauts)
 A = Elapsed time spent in this place.
 B = Non-inter-level travel time spent in this place.
 C = Inter-level travel time spent in this place.
 D = Time resting spent in this place.
 E = Time spent auto-exploring this place.
 F = Levels seen in this place.
 G = Mean time per level.
                   A        B        C        D        E       F      G
               +--------+--------+--------+--------+--------+-----+--------+
         Total |   1237 |   1224 |     13 |    547 |    490 |   4 |  309.2 |
       Dungeon |   1237 |   1224 |     13 |    547 |    490 |   4 |  309.2 |
               +--------+--------+--------+--------+--------+-----+--------+

Top non-repeatable levels by time:
     D:3: 460 daAuts
     D:1: 329 daAuts
     D:2: 272 daAuts
     D:4: 175 daAuts
